 Dungeon Crawl Stone Soup version 0.19-b1-4-gd8a0a2a (webtiles) character file.

26077 Inkary the Dancer (level 12, -13/95 HPs)
             Began as a Demonspawn Fighter on Oct 31, 2016.
             Was a Believer of Uskayaw.
             Killed from afar by Harold (15 damage)
             ... with a bolt of fire
             ... on level 4 of the Lair of Beasts.
             The game lasted 00:29:30 (12587 turns).

Inkary the Dancer (Demonspawn Fighter)             Turns: 12587, Time: 00:29:31

Health: -13/95     AC: 13    Str: 27    XL:     12   Next: 95%
Magic:  21/21      EV: 10    Int:  6    God:    Uskayaw [**....]
Gold:   624        SH: 14    Dex: 18    Spells: 2 memorised, 7 levels left

rFire  x . .     SeeInvis .     E - +10 mace "Orb Guardian's Peril" {drain, rC+ Str+2 Int-5 Dex+3}
rCold  + + .     Gourm    .     v - +0 scale mail
rNeg   . . .     Faith    .     c - +0 shield
rPois  .         Spirit   .     j - +2 helmet
rElec  +         Reflect  +     (no cloak)
rCorr  +         Harm     .     (no gloves)
MR     .....     Clarity  +     (boots unavailable)
Stlth  ..........               y - +2 amulet of reflection
                                C - ring of ice
                                h - ring of resist corrosion

@: mighty
A: talons 3, rugged brown scales 2, agile 1, blurry vision 1, clarity, mutation
resistance 1, powered by death 3, powered by pain 1, electricity resistance
a: Stomp, Line Pass, Renounce Religion


You were on level 4 of the Lair of Beasts.
You worshipped Uskayaw.
Uskayaw was pleased with you.
You were hungry.

You visited 3 branches of the dungeon, and saw 16 of its levels.

You collected 905 gold pieces.
You spent 281 gold pieces at shops.

Inventory:

Hand Weapons
 z - a +4 war axe of chopping
 E - the +10 mace "Orb Guardian's Peril" (weapon) {drain, rC+ Str+2 Int-5 Dex+3}
   (You found it on level 4 of the Dungeon)

   A truly terrible weapon, it drains the life of those it strikes.
   It affects your strength (+2).
   It affects your intelligence (-5).
   It affects your dexterity (+3).
   It protects you from cold.
Armour
 c - a +0 shield (worn)
 j - a +2 helmet (worn)
 v - a +0 scale mail (worn)
Jewellery
 h - a ring of resist corrosion (left hand)
 k - an uncursed ring of fire
 y - a +2 amulet of reflection (around neck)
 A - an uncursed amulet of guardian spirit
 C - a ring of ice (right hand)
Wands
 p - a wand of disintegration (14/24)
 L - a wand of hasting (2/9)
 U - a wand of disintegration (8/24)
Scrolls
 a - 4 scrolls of remove curse
 e - 4 scrolls of noise
 m - 2 scrolls of fear
 n - 8 scrolls of teleportation
 q - a scroll of recharging
 s - 2 scrolls of magic mapping
 u - 3 scrolls of fog
 D - a scroll of blinking
 S - a scroll of brand weapon {unknown}
Potions
 i - a potion of cancellation
 r - a potion of brilliance
 t - 3 potions of flight
 w - 6 potions of curing
 B - 3 potions of lignification
 H - a potion of might
 I - a potion of magic
 N - 2 potions of resistance
Books
 F - a book of Debilitation

   Spells                             Type                      Level
   a - Corona                         Hexes                        1
   b - Slow                           Hexes                        2
   c - Gell's Gravitas                Hexes/Translocation          3
   d - Inner Flame                    Hexes/Fire                   3
   e - Cause Fear                     Hexes                        4
   f - Leda's Liquefaction            Hexes/Earth                  4
 R - a book of Misfortune

   Spells                             Type                      Level
   a - Confusing Touch                Hexes                        1
   b - Confuse                        Hexes                        3
   c - Gell's Gravitas                Hexes/Translocation          3
   d - Petrify                        Transmutation/Earth          4
   e - Metabolic Englaciation         Hexes/Ice                    5
   f - Yara's Violent Unravelling     Hexes/Transmutation          5
Miscellaneous
 x - a fan of gales
Comestibles
 d - a slice of pizza
 f - 6 bread rations
 g - 2 fruits
 l - 3 beef jerkies
 o - 6 meat rations


   Skills:
 - Level 7.3 Fighting
 - Level 6.4(9.6) Axes
 + Level 11.0(11.7) Maces & Flails
 - Level 3.1 Throwing
 + Level 8.2 Armour
 - Level 2.2 Dodging
 + Level 8.6 Shields
 + Level 12.0 Invocations


You had 7 spell levels left.
You knew the following spells:

 Your Spells              Type           Power        Failure   Level  Hunger
a - Apportation           Tloc           #.........   99%         1    ##.....
b - Regeneration          Chrm/Necr      #.........   100%        3    ####...


Dungeon Overview and Level Annotations

Branches:
Dungeon (11/15)            Temple (1/1) D:7            Lair (4/6) D:10
 Shoals (0/4) Lair:2          Orc (0/2) D:10
  Snake: Lair:2-4    Spider: Lair:2-4

Altars:
Ashenzari
Cheibriados
Dithmenos
Elyvilon
Fedhas
Gozag
Hepliaklqana
Kikubaaqudgha
Makhleb
Nemelex Xobeh
Okawaru
Qazlal
Ru
Sif Muna
Trog
Uskayaw
Vehumet
Xom
Yredelemnul
Zin
The Shining One

Shops:
D:6 !   D:8 [   D:9 ?

Annotations:
D:5 Galewind's ghost, novice DECj
Lair:4 Harold


Innate Abilities, Weirdness & Mutations

You have claws for feet.
You are mostly covered in rugged brown scales. (AC +2, +5% HP)
You regenerate a lot of health from kills.
You sometimes gain a little power by taking damage.
You are agile. (Dex +2)
Scrolls take you a little longer to read.
You possess an exceptional clarity of mind.
You are somewhat resistant to further mutation.
You are resistant to electric shocks. (rElec)


Message History

Harold blinks!
Harold casts a spell at you. The bolt of fire hits you!
The fire burns you terribly!
You focus on the pain.
You feel mightier all of a sudden.
Firing (i - inventory): No suitable missiles.
Press: ? - help, Shift-Dir - straight line, f/p - Harold
Aim: Harold, wielding a hand axe and wearing a ring mail (almost dead, lightly drained)
Okay, then.
Firing (i - inventory): No suitable missiles.
Press: ? - help, Shift-Dir - straight line, f/p - Harold
Aim: Harold, wielding a hand axe and wearing a ring mail (almost dead, lightly drained)
Okay, then.
Harold casts a spell at you. The bolt of fire hits you!
The fire burns you terribly!
* * * LOW HITPOINT WARNING * * *
You barely miss Harold. Your kick misses Harold.
Harold is almost dead.
Harold casts a spell at you. The bolt of fire hits you!
The fire burns you terribly!
You die...

...##PP###..# ..
##...........##..##### ..
# ....................##P.
.#............#.P.##..<..
#......................P.
#.#.............###["....
#.........PP#.###......#
##......@.......#......##
.##P......@...#..........#
.............##........###
...#.......(####......##
#...................#
.....................##
#P......................
##............#.........
##......(...##..........
##.####.##.#.######....


You could see Harold.

Vanquished Creatures
  3 hydras
  A death yak (D:9)
  Nergalle (D:11)
  4 skeletal warriors
  The ghost of Galewind the Thaumaturge, a novice DECj of Vehumet (D:9)
  A hill giant (D:11)
  2 cyclopes (D:11)
  3 ugly things
  A siren (Lair:2)
  2 black mambas
  Joseph (D:9)
  A centaur zombie (D:10)
  A torpor snail (Lair:3)
  A gargoyle (D:11)
  8 spiny frogs
  A kobold demonologist (D:11)
  2 komodo dragons
  A polar bear (Lair:3)
  2 trolls
  Prince Ribbit (D:7)
  A two-headed ogre (D:7)
  3 slime creatures (D:10)
  2 dream sheep (Lair:3)
  8 hippogriffs
  A wyvern (D:11)
  19 yaks
  Edmund (D:4)
  A water moccasin (Lair:2)
  8 porcupines
  2 orc warriors (D:7)
  4 ice beasts
  2 phantoms
  A black bear (D:8)
  3 sky beasts
  An eye of draining (D:9)
  3 centaurs
  4 ogres
  3 crocodiles
  3 big kobolds
  18 bullfrogs
  4 scorpions
  A wyvern skeleton (D:10)
  The ghost of Cokeysmoke the Skirmisher, a weakling HOFi (D:3)
  5 killer bees (D:9)
  A howler monkey (D:6)
  2 crimson imps
  2 bullfrog zombies
  3 hounds
  3 jellies
  6 orc priests
  2 bullfrog skeletons
  2 centaur skeletons
  An iguana (D:11)
  Ijyb (D:2)
  8 orc wizards
  Terence (D:3)
  6 worker ants
  A hound skeleton (D:6)
  2 howler monkey zombies
  Robin (D:2)
  9 gnolls
  12 adders
  An ooze (D:2)
  3 adder skeletons
  An adder zombie (D:9)
  4 worms
  3 dart slugs
  5 leopard geckos
  24 orcs
  6 bats
  3 giant cockroaches
  7 goblins (D:2)
  8 hobgoblins
  13 jackals
  2 quokkas
  5 ball pythons
  4 frilled lizards
  A jackal skeleton (D:4)
  21 kobolds
  A quokka zombie (D:9)
  6 rats
318 creatures vanquished.

Vanquished Creatures (others)
  A centaur (D:9)
  A goblin (D:7)
  6 plants (D:10)
8 creatures vanquished.

Grand Total: 326 creatures vanquished

Notes
Turn   | Place    | Note
-------+----------+-------------------------------------------
     0 | D:1      | Inkary the Demonspawn Fighter began the quest for the Orb.
     0 | D:1      | Reached XP level 1. HP: 18/18 MP: 1/1
   402 | D:1      | Gained mutation: You regenerate a little health from kills. [demonic ancestry]
   402 | D:1      | Reached XP level 2. HP: 24/24 MP: 2/2
   938 | D:2      | Gained mutation: You regenerate health from kills. [demonic ancestry]
   938 | D:2      | Reached XP level 3. HP: 24/29 MP: 3/3
  1139 | D:2      | Noticed Ijyb
  1145 | D:2      | Killed Ijyb
  1145 | D:2      | Reached XP level 4. HP: 35/35 MP: 4/4
  1168 | D:2      | Noticed Robin
  1183 | D:2      | Killed Robin
  1559 | D:3      | Gained mutation: You sometimes gain a little power by taking damage. [demonic ancestry]
  1559 | D:3      | Reached XP level 5. HP: 40/41 MP: 5/5
  1598 | D:3      | Noticed Cokeysmoke's ghost (weakling HOFi)
  1653 | D:3      | Reached skill level 5 in Axes
  1899 | D:3      | Killed Cokeysmoke's ghost
  2191 | D:3      | Noticed Terence
  2221 | D:3      | Killed Terence
  2400 | D:3      | Found a deep blue altar of Sif Muna.
  2660 | D:4      | Gained mutation: You have sharp toenails. [demonic ancestry]
  2660 | D:4      | Reached XP level 6. HP: 47/47 MP: 6/6
  3207 | D:4      | Got a slimy mace
  3208 | D:4      | Identified the +10 mace "Orb Guardian's Peril" {drain, rC+ Str+2 Int-5 Dex+3} (You found it on level 4 of the Dungeon)
  3235 | D:5      | Entered Level 5 of the Dungeon
  3235 | D:5      | Noticed an ice beast
  3244 | D:5      | Killed an ice beast
  3244 | D:5      | Reached skill level 1 in Maces & Flails
  3337 | D:5      | Found a sparkling altar of Nemelex Xobeh.
  3337 | D:5      | Found an opulent altar of Gozag.
  3343 | D:5      | Reached XP level 7. HP: 52/52 MP: 7/7
  3523 | D:5      | Noticed Edmund
  3533 | D:5      | Noticed Galewind's ghost (novice DECj)
  3720 | D:4      | Killed Edmund
  3878 | D:6      | Found Sisiyl's Distillery.
  3885 | D:6      | Bought a potion of heal wounds for 60 gold pieces
  3885 | D:6      | Bought a potion of degeneration for 12 gold pieces
  3885 | D:6      | Bought a potion of berserk rage for 60 gold pieces
  4076 | D:6      | Gained mutation: You regenerate a lot of health from kills. [demonic ancestry]
  4076 | D:6      | Reached XP level 8. HP: 51/61 MP: 8/8
  4092 | D:6      | Reached skill level 5 in Fighting
  4160 | D:6      | Reached skill level 5 in Maces & Flails
  4399 | D:6      | Found a snail-covered altar of Cheibriados.
  4579 | D:7      | Found a blossoming altar of Fedhas.
  4586 | D:7      | Noticed a two-headed ogre
  4590 | D:7      | Killed a two-headed ogre
  4660 | D:7      | Noticed Prince Ribbit
  4674 | D:7      | Killed Prince Ribbit
  4744 | D:7      | Reached XP level 9. HP: 59/70 MP: 9/9
  5027 | D:7      | Found an iron altar of Okawaru.
  5081 | D:7      | Found a sacrificial altar of Ru.
  5137 | D:7      | Found a staircase to the Ecumenical Temple.
  5150 | Temple   | Entered the Ecumenical Temple
  5237 | Temple   | Became a worshipper of Uskayaw the Reveler
  5431 | D:7      | Reached * piety under Uskayaw
  5520 | D:7      | Reached ** piety under Uskayaw
  5524 | D:7      | Reached skill level 1 in Throwing
  5524 | D:7      | Reached skill level 1 in Invocations
  5686 | D:8      | Found Velel's Armour Shoppe.
  5692 | D:8      | Bought a +0 pair of boots of flying for 149 gold pieces
  5718 | D:8      | Learned a level 1 spell: Apportation
  5814 | D:8      | Reached *** piety under Uskayaw
  5826 | D:8      | Reached skill level 2 in Invocations
  6567 | D:9      | Noticed Joseph
  6580 | D:9      | Killed Joseph
  6580 | D:9      | Reached skill level 3 in Invocations
  6588 | D:9      | Learned a level 3 spell: Regeneration
  6616 | D:9      | Reached **** piety under Uskayaw
  6665 | D:9      | Gained mutation: You have razor-sharp toenails. [demonic ancestry]
  6665 | D:9      | Reached XP level 10. HP: 79/79 MP: 5/12
  6677 | D:9      | Reached skill level 4 in Invocations
  6678 | D:9      | Noticed a death yak
  6679 | D:9      | Reached ***** piety under Uskayaw
  6728 | D:9      | Reached skill level 5 in Invocations
  6776 | D:9      | Killed a death yak
  6796 | D:9      | Gained mutation: You are agile. (Dex +2) [mutagenic meat]
  6797 | D:9      | Gained mutation: Scrolls take you a little longer to read. [mutagenic meat]
  6798 | D:9      | Gained mutation: You are resistant to electric shocks. (rElec) [mutagenic meat]
  6869 | D:9      | Reached skill level 6 in Invocations
  6870 | D:9      | Noticed Galewind's ghost (novice DECj)
  6887 | D:9      | Reached skill level 10 in Maces & Flails
  6898 | D:9      | Killed Galewind's ghost
  6950 | D:9      | Found a burning altar of Makhleb.
  7090 | D:9      | Found a shattered altar of Ashenzari.
  7141 | D:9      | Found Uvidabya's Magic Scroll Shoppe.
  7189 | D:9      | Gained mutation: You are partially covered in rugged brown scales. (AC +1, +3% HP) [demonic ancestry]
  7189 | D:9      | Reached XP level 11. HP: 44/86 MP: 15/15
  7321 | D:10     | Entered Level 10 of the Dungeon
  7636 | D:10     | Reached skill level 5 in Shields
  7636 | D:10     | Reached skill level 7 in Invocations
  7638 | D:10     | Reached skill level 5 in Armour
  7743 | D:10     | Found a staircase to the Lair.
  7779 | D:10     | Found a staircase to the Orcish Mines.
  8069 | D:11     | Noticed a skeletal warrior
  8069 | D:11     | Noticed a skeletal warrior
  8070 | D:11     | Noticed a purple ugly thing
  8073 | D:11     | Noticed a skeletal warrior
  8073 | D:11     | Noticed a skeletal warrior
  8077 | D:10     | Killed a purple ugly thing
  8088 | D:10     | Killed a skeletal warrior
  8088 | D:10     | Reached skill level 8 in Invocations
  8287 | D:10     | Killed a skeletal warrior
  8321 | D:11     | Killed a skeletal warrior
  8331 | D:11     | Killed a skeletal warrior
  8331 | D:11     | Reached skill level 9 in Invocations
  8356 | D:11     | Noticed a red ugly thing
  8372 | D:11     | Killed a red ugly thing
  8436 | D:11     | Noticed Nergalle
  8453 | D:11     | Killed Nergalle
  8574 | D:11     | Noticed a hill giant
  8595 | D:11     | Killed a hill giant
  8649 | D:11     | Reached skill level 10 in Invocations
  8649 | D:11     | Gained mutation: You are mostly covered in rugged brown scales. (AC +2, +5% HP) [demonic ancestry]
  8649 | D:11     | Reached XP level 12. HP: 63/95 MP: 19/19
  8914 | Lair:1   | Entered Level 1 of the Lair of Beasts
  9862 | Lair:2   | Reached skill level 11 in Invocations
  9952 | Lair:2   | Got a heavily runed leather armour
  9963 | Lair:2   | Identified the +2 leather armour of Hiunn {rCorr} (You found it on level 2 of the Lair of Beasts)
 10039 | Lair:2   | Noticed a seven-headed hydra
 10052 | Lair:2   | Killed a seven-headed hydra
 10052 | Lair:2   | Reached skill level 1 in Dodging
 10303 | Lair:2   | Found a staircase to the Shoals.
 10469 | Lair:2   | Noticed a four-headed hydra
 10481 | Lair:2   | Killed a four-headed hydra
 10890 | Lair:3   | HP: 4/95 [poisoned by a black mamba]
 10986 | Lair:2   | Gained mutation: You have claws for feet. [potion of mutation]
 10986 | Lair:2   | Gained mutation: You are somewhat resistant to further mutation. [potion of mutation]
 10986 | Lair:2   | Gained mutation: You possess an exceptional clarity of mind. [potion of mutation]
 11516 | Lair:3   | Noticed a six-headed hydra
 12254 | Lair:3   | Killed a six-headed hydra
 12549 | Lair:4   | Reached skill level 12 in Invocations
 12554 | Lair:4   | Noticed Harold
 12586 | Lair:4   | HP: 1/95 [Harold/bolt of fire (45)]
 12587 | Lair:4   | Killed from afar by Harold

Skill      XL: |  1  2  3  4  5  6  7  8  9 10 11 12 |
---------------+-------------------------------------+-----
Axes           | 2 3 4 5 6 |  6.4
Maces & Flails | 1 4 7 8 10 11 | 11.0
Fighting       | 4 6 7 |  7.3
Throwing       | 3 |  3.1
Invocations    | 3 6 10 12 | 12.0
Armour         | 4 7 8 |  8.2
Shields        | 4 7 8 |  8.6
Dodging        | 2 |  2.2

Action                   |  1- 3 |  4- 6 |  7- 9 | 10-12 || total
-------------------------+-------+-------+-------+-------++-------
Melee: War axe           |   135 |   232 |       |       ||   367
       Mace              |       |     9 |   248 |   530 ||   787
       Kick              |       |       |       |    26 ||    26
Throw: Throwing net      |       |       |       |     1 ||     1
Invok: Stomp             |       |       |     2 |    19 ||    21
Evoke: Wand              |       |       |       |     3 ||     3
  Use: Potion            |       |     2 |       |     8 ||    10
       Scroll            |       |       |     6 |    20 ||    26
 Stab: Paralysed         |       |       |     3 |    32 ||    35
       Sleeping          |       |       |     1 |     1 ||     2
  Eat: Chunk             |     1 |     7 |    11 |    21 ||    40
       Fruit             |       |       |       |     5 ||     5
Armor: Scale mail        |    69 |       |       |    22 ||    91
       Ring mail         |       |    93 |    73 |    27 ||   193
       Chain mail        |       |       |       |    72 ||    72
       Leather armour    |       |       |       |    24 ||    24
Dodge: Dodged            |    39 |    77 |    70 |   156 ||   342
Block: Shield            |    60 |   151 |   153 |   333 ||   697
       Reflection        |       |       |    17 |    16 ||    33
